 Dungeon Crawl Stone Soup version 0.26.0-18-gc5c842f807 (webtiles) character file.

Game seed: 7834642085683906108

32 thiole the Magician (level 3, 0/21 HPs)
             Began as an Octopode Hedge Wizard on Jan 22, 2021.
             Slain by a jackal (1 damage)
             ... on level 2 of the Dungeon.
             The game lasted 00:01:02 (1248 turns).

thiole the Magician (Octopode Hedge Wizard)         Turns: 1248, Time: 00:01:02

Health: 0/21       AC:  1    Str:  9    XL:     3   Next: 25%
Magic:  7/7        EV: 13    Int: 17    God:
Gold:   40         SH:  0    Dex: 11    Spells: 7/8 levels left

rFire    + . .     SeeInvis .   a - +0 dagger
rCold    + . .     Faith    .   (no shield)
rNeg     . . .     Spirit   .   b - +0 hat
rPois    +         Reflect  .   (no amulet)
rElec    +         Harm     .   (no ring)
rCorr    +         Rampage  .   (no ring)
Will     .....                  (no ring)
Stlth    +++.......             (no ring)
HPRegen  0.07/turn              (no ring)
MPRegen  0.10/turn              (no ring)
                                (no ring)
                                (no ring)

@: resistant, invisible
A: almost no armour, stealthy swim, amphibious, 8 rings, constrict 8, camouflage
1, gelatinous body 1
a: no special abilities


You were on level 2 of the Dungeon.
You visited 1 branch of the dungeon, and saw 2 of its levels.

You collected 40 gold pieces.

Inventory:

Hand Weapons
 a - a +0 dagger (weapon)
Armour
 b - a +0 hat (worn)
Jewellery
 i - an uncursed ring of poison resistance {unknown}
Scrolls
 c - 3 scrolls of teleportation {unknown}
 e - a scroll of identify {unknown}
 f - a scroll of noise {unknown}
 h - a scroll of amnesia {unknown}
Potions
 d - a potion of resistance


   Skills:
 - Level 2.0 Dodging
 + Level 3.1 Stealth
 + Level 3.2 Spellcasting
 - Level 2.0 Conjurations
 * Level 1.8 Summonings
 - Level 1.0 Translocations


You had 7 spell levels left.
You knew the following spells:

 Your Spells              Type           Power        Failure   Level
a - Magic Dart            Conj           36%          8%          1

Your spell library contained the following spells:

 Spells                   Type           Power        Failure   Level
 Call Imp                 Summ           9%           12%         2
 Blink                    Tloc           N/A          17%         2
 Slow                     Hex            2%           26%         2
 Conjure Flame            Conj/Fire      6%           34%         3
 Mephitic Cloud           Conj/Pois/Air  4%           36%         3


Dungeon Overview and Level Annotations

Branches:
Dungeon (2/15)

Altars:


Innate Abilities, Weirdness & Mutations

You cannot wear most types of armour.
You are very stealthy in the water. (Stealth+)
You are amphibious.
You can wear up to eight rings at the same time.
You can use your tentacles to constrict eight enemies at once.
Your skin changes colour to match your surroundings (Stealth+).
Your rubbery body absorbs attacks. (AC +1, EV +1)


Message History

The jackal bites you.
* * * LOW HITPOINT WARNING * * *
The jackal bites you.
* * * LOW HITPOINT WARNING * * *
You hit the jackal.
You kill the jackal!
The jackal closely misses you.
A hobgoblin comes into view.
The jackal bites you.
* * * LOW HITPOINT WARNING * * *
The jackal bites you.
* * * LOW HITPOINT WARNING * * *
It was a potion of resistance.
You feel protected.
The jackal bites you but does no damage.
The jackal misses you.
It was a potion of invisibility.
You fade into invisibility!
The jackal closely misses you. The jackal bites you.
You die...

#####
##...##
##..8..##
###.......#
....8.....#
......h@..#
....8.h††.#
.>........#
.g....8..##
........##
#....####
#.... ....[


You could see 2 jackals and a hobgoblin (wandering).

Vanquished Creatures
  An ooze (D:1)
  A hobgoblin (D:2)
  5 jackals
  7 kobolds
  4 bats (D:1)
  4 frilled lizards (D:1)
  7 rats
29 creatures vanquished.

Notes
Turn   | Place    | Note
-------+----------+-------------------------------------------
     0 | D:1      | thiole the Octopode Hedge Wizard began the quest for the
                  | Orb.
     0 | D:1      | Reached XP level 1. HP: 11/11 MP: 4/4
   586 | D:1      | Reached XP level 2. HP: 17/17 MP: 3/6
  1026 | D:1      | Reached XP level 3. HP: 21/21 MP: 1/7
  1246 | D:2      | HP: 1/21 [jackal (1)]
  1248 | D:2      | Slain by a jackal

Illustrated notes

Levels and vault maps discovered:
D:1:      nicolae_arrival_washed_ashore, layout_basic, chequers_big_river,
          corner_web_ring, hangedman_abyss_or_decor_stabs, minmay_tiny_reverse_x
D:2:      layout_basic, grunt_ministairs_9

Skill      XL: |  1  2  3 |
---------------+----------+-----
Stealth        | 3 |  3.1
Conjurations   | 2 |  2.0
Dodging        | |  2.0
Spellcasting   | |  3.2
Summonings     | |  1.8
Translocations | |  1.0

Action                   || total
-------------------------++-------
Melee: Dagger            ||    33
       Constrict         ||    10
       Tentacles         ||     7
 Cast: Magic Dart        ||    43
  Use: Potion            ||     2
Armor: Skin              ||    11
Dodge: Dodged            ||    26
